 Dungeon Crawl Stone Soup version 0.28-a0-32-g8dfe7f97f6 (webtiles) character file.

Game seed: 3326566411738010768

40 Zonian the Conjurer (level 3, -1/37 HPs)
             Began as a Gnoll Conjurer on July 28, 2021.
             Slain by Sigmund (8 damage)
             ... on level 2 of the Dungeon.
             The game lasted 00:02:54 (1972 turns).

Zonian the Conjurer (Gnoll Conjurer)                Turns: 1972, Time: 00:02:55

Health: -1/37      AC: 21    Str:  6    XL:     3   Next: 50%
Magic:  8/9        EV:  2    Int: 17    God:
Gold:   17         SH:  0    Dex: 11    Spells: 11/12 levels left

rFire   . . .      SeeInvis .   e - +0 short sword
rCold   . . .      Faith    .   (no shield)
rNeg    + + +      Spirit   .   (armour currently unavailable)
rPois   +          Reflect  .   (helmet currently unavailable)
rElec   .          Harm     .   (cloak currently unavailable)
rCorr   .          Rampage  .   (gloves currently unavailable)
Will    .....      NoTele   +   (boots currently unavailable)
Stlth   +.........              (no amulet)
HPRegen 0.12/turn               (no ring)
MPRegen 0.11/turn               (no ring)

@: confused, tree-form, attractive
A: stationary, stasis, torment immunity, boosted hp, (fangs 1), strong nose,
distributed training
a: no special abilities


You were on level 2 of the Dungeon.
You were a tree.
You visited 1 branch of the dungeon, and saw 2 of its levels.

You collected 17 gold pieces.

Inventory:

Hand Weapons
 e - a +0 short sword (weapon)
Missiles
 c - 5 javelins
Armour
 a - a +0 robe (melded)
Scrolls
 b - a scroll of identify {unknown}
 f - a scroll of noise {unknown}
 j - a scroll of vulnerability {unknown}
Potions
 g - a potion of lignification


   Skills:
 + Level 0.8 Fighting
 + Level 0.8 Short Blades
 + Level 0.8 Long Blades
 + Level 0.8 Axes
 + Level 0.8 Maces & Flails
 + Level 0.8 Polearms
 + Level 0.8 Staves
 + Level 0.8 Slings
 + Level 0.8 Bows
 + Level 0.8 Crossbows
 + Level 0.8 Throwing
 + Level 0.8 Armour
 + Level 4.5 Dodging
 + Level 4.1 Stealth
 + Level 0.8 Shields
 + Level 0.8 Unarmed Combat
 + Level 5.0 Spellcasting
 + Level 7.1 Conjurations
 + Level 0.5 Hexes
 + Level 0.5 Summonings
 + Level 0.5 Necromancy
 + Level 0.5 Translocations
 + Level 0.5 Transmutations
 + Level 0.5 Fire Magic
 + Level 0.5 Ice Magic
 + Level 0.5 Air Magic
 + Level 0.5 Earth Magic
 + Level 0.5 Poison Magic
 + Level 1.0 Invocations
 + Level 0.8 Evocations


You had 11 spell levels left.
You knew the following spells:

 Your Spells              Type           Power      Damage    Failure   Level
a - Magic Dart            Conj           100%       1d8       1%          1

Your spell library contained the following spells:

 Spells                   Type           Power      Damage    Failure   Level
 Searing Ray              Conj           56%        3d5       1%          2
 Dazzling Flash           Conj/Hex       34%        N/A       9%          3
 Slow                     Hex            6%         N/A       17%         2
 Fulminant Prism          Conj/Hex       8%         3d7       28%         4
 Iskenderun's Mystic Bla  Conj/Tloc      17%        2d5       28%         4
 Confusing Touch          Hex            6%         N/A       32%         3
 Vampiric Draining        Necr           3%         2d6       32%         3


Dungeon Overview and Level Annotations

Branches:
Dungeon (2/15)

Altars:

Annotations:
D:2 Sigmund


Innate Abilities, Weirdness & Mutations

You are a tree.
Your roots penetrate the ground, keeping you stationary.
You cannot be teleported.
You are immune to unholy pain and torment.
Your maximum health is greatly increased.
Your equipment is partially melded.
((You have very sharp teeth.))
Your uncanny sense of smell can sniff out nearby items.
Your experience applies equally to all skills.


Message History

You feel sick. The adder bites you but does no damage.
Sigmund mumbles some strange words.
Sigmund flickers and vanishes!
Deactivating autopickup; reactivate with Ctrl-A.
The adder bites you.
Okay, then.
You closely miss the adder.
The adder is moderately wounded.
You feel sick. Something completely misses you.
The adder bites you but does no damage.
You barely miss the adder.
The adder is moderately wounded.
You feel sick. The adder completely misses you.
You hear some strange, mumbled words.
Something tries to affect you, but you resist.
The adder bites you but does no damage.
Unknown command.
You miss the adder.
The adder is moderately wounded.
You feel sick.
You are no longer poisoned.
Something hits you!
* * * LOW HITPOINT WARNING * * *
The adder bites you but does no damage.
You hear some strange, mumbled words.
You are confused.
It was a potion of curing.
You feel better. The adder bites you but does no damage.
You hear some strange, mumbled words.
You are confused.
It was a potion of attraction.
You feel attractive to monsters. The adder completely misses you.
The adder bites you but does no damage.
You hear some strange, mumbled words.
A puff of flame appears from out of thin air!
The puff of flame hits you but does no damage.
Something is pulled toward you!
It was a potion of flight.
Your roots keep you in place.
The adder bites you but does no damage. Something hits you!
You die...

####.#.##...##........
#..).#....†###########
#.#######..# #
#....#.....# ##
####.#.###.# #.
#.#.#...## ##
#....##..# ####
##.#)#...# #...
#♣#.#...# #.##
#S##...## #.##
..###..########.##
#.## #............. ..
#.#####.###### ##. #.#
#.# #... #. #.# #.#
#.## #. #.#####.###.#
#...........#


You could see an adder.

Vanquished Creatures
  2 dart slugs
  5 ball pythons
  6 endoplasms
  2 giant cockroaches (D:1)
  3 goblins
  4 kobolds (D:1)
  3 quokkas (D:1)
  2 bats
  A frilled lizard (D:2)
  5 rats (D:1)
33 creatures vanquished.

Notes
Turn   | Place    | Note
-------+----------+-------------------------------------------
     0 | D:1      | Zonian the Gnoll Conjurer began the quest for the Orb.
     0 | D:1      | Reached XP level 1. HP: 13/13 MP: 6/6
   295 | D:1      | Found a faded altar of an unknown god.
   457 | D:1      | Reached XP level 2. HP: 19/19 MP: 0/7
  1084 | D:1      | Reached XP level 3. HP: 25/25 MP: 6/9
  1314 | D:1      | Reached skill level 5 in Spellcasting
  1814 | D:2      | Reached skill level 1 in Invocations
  1845 | D:2      | Noticed Sigmund
  1969 | D:2      | HP: 1/37 [something (8)]
  1972 | D:2      | Slain by Sigmund

Illustrated notes

Levels and vault maps discovered:
D:1:      minmay_arrival_doors, layout_rooms,
          shapermc_ecumenical_altar_starsandcircs
D:2:      layout_loops_ring, kennysheep_small_spiral, uniq_sigmund, uniq_terence

Skill      XL: |  1  2  3 |
---------------+----------+-----
Spellcasting   | 5 |  5.0
Invocations    | 1 |  1.0
Fighting       | |  0.8
Short Blades   | |  0.8
Long Blades    | |  0.8
Axes           | |  0.8
Maces & Flails | |  0.8
Polearms       | |  0.8
Staves         | |  0.8
Slings         | |  0.8
Bows           | |  0.8
Crossbows      | |  0.8
Throwing       | |  0.8
Armour         | |  0.8
Dodging        | |  4.5
Stealth        | |  4.1
Shields        | |  0.8
Unarmed Combat | |  0.8
Conjurations   | |  7.1
Hexes          | |  0.5
Summonings     | |  0.5
Necromancy     | |  0.5
Translocations | |  0.5
Transmutations | |  0.5
Fire Magic     | |  0.5
Ice Magic      | |  0.5
Air Magic      | |  0.5
Earth Magic    | |  0.5
Poison Magic   | |  0.5
Evocations     | |  0.8

Action                   || total
-------------------------++-------
Melee: Unarmed           ||     3
       Bite              ||     1
       Short sword       ||     9
 Cast: Magic Dart        ||    53
  Use: Potion            ||     4
Armor: Skin              ||    10
       Robe              ||     1
Dodge: Dodged            ||    10

Table legend: (Time is in decaauts)
 A = Elapsed time spent in this place.
 B = Non-inter-level travel time spent in this place.
 C = Inter-level travel time spent in this place.
 D = Time resting spent in this place.
 E = Time spent auto-exploring this place.
 F = Levels seen in this place.
 G = Mean time per level.
                   A        B        C        D        E       F      G
               +--------+--------+--------+--------+--------+-----+--------+
         Total |   1971 |   1954 |     17 |    970 |    757 |   2 |  985.5 |
       Dungeon |   1971 |   1954 |     17 |    970 |    757 |   2 |  985.5 |
               +--------+--------+--------+--------+--------+-----+--------+

Top non-repeatable levels by time:
     D:1: 1581 daAuts
     D:2: 390 daAuts
